AoeStats
← [CL]Sendoh

Arabia

510527650Analyzed
1v1 RM · 1d ago on Oct 1, 2026· 32m 43s· 2 players
Game mode
Random Map
Map size
Tiny (2 player)
Population
200
Speed
Normal
Resources
Standard
Victory
Conquest
Starting age
Dark Age
Ending age
Imperial Age
RankedLock teamsTeams togetherTeam positionsShared explorationLock speedFull tech treeHidden civsTurbo modeCheats
Victory
Defeat
🇨🇱 Vietnamese · Chile
1331
+16
🇪🇸 Vikings · Spain
1323
-16
jaivl
5:55 Loom
9:11 Feudal Age
9:57 Double-Bit Axe
17:39 Fletching
23:01 Castle Age
22:32 Padded Archer Armor
24:20 Bodkin Arrow
23:47 Crossbowman
30:21 Town Watch
32:00 Scale Mail Armor
[CL]Sendoh
0:35 Loom
10:16 Feudal Age
10:17 Man-at-Arms
11:50 Double-Bit Axe
17:26 Fletching
18:19 Padded Archer Armor
23:13 Castle Age
23:12 Bloodlines
23:21 Scale Barding Armor
23:26 Forging
23:18 Crossbowman
26:15 Bodkin Arrow
27:28 Forging
29:46 Husbandry
Connection lost

Rejoining the realm…

Still unreachable

The connection could not be restored.

Session expired

The server has moved on; the page needs a fresh start.